AoeStats
← OffensiveMars

Lombardia

509369229Analyzed
4v4 RM · 6d ago on Sep 26, 2026· 43m 9s· 8 players
Game mode
Random Map
Map size
Large (8 player)
Population
200
Speed
Normal
Resources
Standard
Victory
Conquest
Starting age
Dark Age
Ending age
Imperial Age
RankedLock teamsTeams togetherTeam positionsShared explorationLock speedFull tech treeHidden civsTurbo modeCheats
Victory
Defeat
🇧🇬 Saxons · Bulgaria
1281
+12
🇨🇳 Persians · China
1231
+14
🇮🇱 Mongols · Israel
1219
+14
🇪🇸 Franks · Spain
1209
+15
🇬🇧 Hindustanis · United Kingdom
1233
-16
🇮🇩 Khmer · Indonesia
1216
-15
🇺🇸 Tatars · United States
1201
-14
🇺🇸 Varangians · United States
1097
-10
CARANZA
3:22 Loom
11:57 Feudal Age
12:42 Double-Bit Axe
19:19 Castle Age
19:00 Gold Mining
19:01 Stone Mining
20:23 Bow Saw
20:34 Fervor
21:33 Wheelbarrow
25:50 Gold Shaft Mining
32:16 Imperial Age
31:13 Forging
31:09 Scale Barding Armor
32:37 Caravan
32:22 Cavalier
33:02 Husbandry
34:18 Iron Casting
35:05 Conscription
35:37 Paladin
41:21 Blast Furnace
40:42 Chain Barding Armor
41:33 Ordonnance Companies
Doomsday
11:22 Feudal Age
15:27 Castle Age
13:57 Double-Bit Axe
15:37 Horse Collar
17:44 Bow Saw
24:21 Wheelbarrow
23:55 Heavy Plow
23:51 Gold Mining
26:31 Stone Mining
27:06 Hand Cart
27:38 Fletching
31:38 Imperial Age
30:26 Gold Shaft Mining
30:30 Stone Shaft Mining
31:20 Elite War Elephant
32:22 Conscription
33:02 Bloodlines
32:52 Husbandry
34:32 Two-Man Saw
35:31 Scale Barding Armor
35:37 Forging
39:19 Chain Barding Armor
39:35 Iron Casting
41:19 Plate Barding Armor
41:43 Crop Rotation
43:58 Blast Furnace
43:02 Bodkin Arrow
[IYI] FreeRoner
4:46 Loom
10:19 Feudal Age
11:12 Double-Bit Axe
11:10 Horse Collar
18:01 Castle Age
16:08 Gold Mining
19:35 Bow Saw
20:29 Wheelbarrow
21:31 Forging
23:14 Squires
24:56 Town Watch
26:42 Scale Mail Armor
28:10 Chain Mail Armor
29:10 Heavy Plow
29:14 Arson
30:29 Iron Casting
31:38 Gambesons
35:04 Imperial Age
34:56 Gold Shaft Mining
35:00 Hand Cart
35:20 Elite Varangian Guard
38:54 Plate Mail Armor
40:38 Conscription
39:40 Shield Wall
41:01 Hoardings
Mike
11:06 Feudal Age
10:15 Loom
16:02 Castle Age
15:43 Double-Bit Axe
15:39 Horse Collar
16:58 Bow Saw
17:57 Bow Saw
20:30 Heavy Plow
22:18 Wheelbarrow
24:23 Hand Cart
26:42 Gold Mining
26:46 Stone Mining
28:20 Gold Shaft Mining
27:53 Scale Barding Armor
27:59 Forging
28:25 Town Watch
32:17 Imperial Age
32:44 Chain Barding Armor
33:00 Iron Casting
32:20 Onager
32:20 Capped Ram
33:46 Drill
33:49 Conscription
33:30 Siege Ram
34:34 Siege Onager
41:46 Heavy Scorpion
OffensiveMars
0:32 Loom
11:27 Feudal Age
11:53 Double-Bit Axe
12:46 Wheelbarrow
11:56 Horse Collar
17:34 Castle Age
27:06 Heavy Plow
28:58 Hand Cart
34:15 Imperial Age
31:11 Vendel Legacy
33:45 Fortified Wall
34:18 Arson
34:34 Squires
34:21 Gambesons
34:57 Forging
34:47 Scale Mail Armor
34:54 Scale Barding Armor
34:36 Elite Varangian Guard
35:32 Bloodlines
35:23 Husbandry
36:39 Chain Mail Armor
37:00 Iron Casting
42:44 Cavalier
Calum1Ltv
9:58 Loom
11:44 Feudal Age
13:38 Double-Bit Axe
16:11 Castle Age
13:59 Horse Collar
25:30 Wheelbarrow
26:45 Hand Cart
30:39 Imperial Age
28:06 Gold Mining
28:27 Heavy Plow
28:49 Husbandry
28:59 Bloodlines
29:23 Light Cavalry
30:16 Forging
30:40 Scale Barding Armor
30:45 Heavy Camel Rider
32:03 Iron Casting
31:04 Hussar
32:37 Bow Saw
33:15 Masonry
34:10 Blast Furnace
35:32 Chain Barding Armor
35:34 Imperial Camel Rider
36:24 Imperial Camel Rider
38:14 Chemistry
37:19 Siege Engineers
36:48 Siege Elephant
37:38 Caravan
39:17 Plate Barding Armor
39:53 Fletching
onesecimpoopin
12:27 Feudal Age
16:00 Castle Age
13:48 Double-Bit Axe
14:35 Horse Collar
15:47 Wheelbarrow
17:05 Bow Saw
18:59 Scale Barding Armor
19:14 Forging
19:34 Husbandry
21:19 Bloodlines
22:43 Heavy Plow
23:21 Gold Mining
26:13 Gold Shaft Mining
27:18 Iron Casting
28:56 Chain Barding Armor
29:02 Hand Cart
29:25 Silk Armor
33:46 Town Watch
33:47 Loom
35:38 Stone Mining
38:45 Imperial Age
39:08 Squires
38:38 Pikeman
41:05 Blast Furnace
40:28 Conscription
39:57 Halberdier
40:40 Scale Mail Armor
Q_Djarot
2:43 Loom
11:37 Feudal Age
16:12 Castle Age
14:58 Double-Bit Axe
18:51 Bow Saw
18:22 Horse Collar
19:40 Heavy Plow
24:29 Wheelbarrow
27:57 Gold Mining
30:37 Hand Cart
31:30 Gold Shaft Mining
30:49 Stone Mining
35:25 Imperial Age
34:12 Stone Shaft Mining
33:50 Forging
33:43 Padded Archer Armor
34:09 Ballistics
34:42 Caravan
35:23 Leather Archer Armor
35:47 Iron Casting
36:50 Scale Mail Armor
37:52 Blast Furnace
37:14 Conscription
36:57 Pikeman
37:56 Chain Mail Armor
37:04 Elite Ballista Elephant
37:44 Halberdier
40:06 Elite Ballista Elephant
Connection lost

Rejoining the realm…

Still unreachable

The connection could not be restored.

Session expired

The server has moved on; the page needs a fresh start.